 Dungeon Crawl Stone Soup version 0.29-a0-375-g5102b3be25 (webtiles) character file.

Game seed: 15041158616684535770

303 timneilson the Covered (level 6, -6/57 HPs)
             Began as a Gargoyle Fighter on May 3, 2022.
             Mangled by a gnoll
             ... wielding a +0 halberd
             ... led by a gnoll shaman
              (7 damage)
             ... on level 4 of the Dungeon.
             The game lasted 00:06:30 (4244 turns).

timneilson the Covered (Gargoyle Fighter)           Turns: 4244, Time: 00:06:31

Health: -6/57      AC: 15    Str: 21    XL:     6   Next: 38%
Magic:  6/6        EV:  4    Int:  9    God:
Gold:   290        SH:  4    Dex:  9    Spells: 5/5 levels left

rFire   . . .      SeeInvis .   a - +0 long sword
rCold   . . .      Faith    .   c - +0 buckler
rNeg    + . .      Spirit   .   h - +0 chain mail
rPois   ∞          Reflect  .   (no helmet)
rElec   +          Harm     .   (no cloak)
rCorr   .          Rampage  .   (no gloves)
Will    .....                   e - +0 pair of boots
Stlth   ..........              (no amulet)
HPRegen 0.19/turn               (no ring)
MPRegen 0.10/turn               (no ring)

@: mighty, berserking, lit by a corona, glowing, constricted, very quick
A: sickness immunity, AC +4, negative energy resistance 1, electricity
resistance, torment resistance 1, petrification resistance
a: no special abilities


You were on level 4 of the Dungeon.
You visited 1 branch of the dungeon, and saw 4 of its levels.

You collected 290 gold pieces.

Inventory:

Hand Weapons
 a - a +0 long sword (weapon)
Armour
 c - a +0 buckler (worn)
 e - a +0 pair of boots (worn)
 h - a +0 chain mail (worn)
Wands
 j - a wand of iceblast (12)
Scrolls
 i - a scroll of identify
Potions
 b - a potion of mutation
 f - 2 potions of curing
 k - a potion of resistance {unknown}


   Skills:
 + Level 4.0 Fighting
 * Level 3.3 Long Blades
 * Level 4.9 Armour
 + Level 1.3 Dodging
 * Level 4.6 Shields


You had 5 spell levels left.
You didn't know any spells.
Your spell library contained the following spells:

 Spells                   Type           Power      Damage    Failure   Level
 Tukima's Dance           Hex            0%         N/A       100%        3
 Passage of Golubria      Tloc           0%         N/A       100%        4
 Yara's Violent Unravell  Hex/Tmut       0%         3d3       100%        5


Dungeon Overview and Level Annotations

Branches:
Dungeon (4/15)
 Temple: D:4-7

Altars:
Dithmenos
Ru
Sif Muna
Xom
Beogh

Shops:
D:1 :   D:2 (


Innate Abilities, Weirdness & Mutations

You are immune to sickness and miasma.
Your stone body is resilient. (AC +4)
You are immune to poison.
You resist negative energy. (rN+)
You are resistant to electric shocks. (rElec)
You are resistant to unholy torment.
You are immune to petrification.


Message History

The gnoll hits you but does no damage. You block the ball python's attack.
The ball python constricts you.
You closely miss the gnoll.
The gnoll hits you from afar with a +0 halberd.
The ball python bites you but does no damage.
The ball python constricts you. The gnoll hits you with a +0 whip.
You block the gnoll shaman's attack. The gnoll hits you with a +0 club.
The gnoll hits you from afar with a +0 halberd.
You slash the gnoll shaman!
The gnoll shaman is heavily wounded.
The gnoll hits you with a +0 club.
* * * LOW HITPOINT WARNING * * *
The ball python bites you.
* * * LOW HITPOINT WARNING * * *
The ball python constricts you.
* * * LOW HITPOINT WARNING * * *
The gnoll hits you but does no damage.
The gnoll shaman hits you but does no damage.
The gnoll hits you from afar with a +0 halberd.
* * * LOW HITPOINT WARNING * * *
The ball python bites you but does no damage.
The ball python constricts you. The gnoll hits you but does no damage.
You slash the gnoll shaman!
The gnoll shaman is almost dead.
You block the gnoll's attack. The gnoll hits you but does no damage.
The gnoll shaman mumbles some strange prayers to its god.
The gnoll shaman is healed somewhat.
The gnoll hits you but does no damage. The ball python bites you.
* * * LOW HITPOINT WARNING * * *
The ball python constricts you.
You barely miss the gnoll shaman.
The gnoll shaman is severely wounded.
The gnoll hits you from afar with a +0 halberd.
* * * LOW HITPOINT WARNING * * *
The gnoll hits you but does no damage. The gnoll hits you with a +0 whip!
* * * LOW HITPOINT WARNING * * *
The gnoll shaman mumbles some strange prayers to its god.
The gnoll shaman is healed somewhat.
The gnoll hits you from afar with a +0 halberd!
You die...

..#.....#.....#w.....
..#..... ....#.....#
..#...#####...#.....#
..#...._#.....#......
..#.....#.....#.....# .
....###'#'###..#######..
....#...#...#..w.....'..
....#.......#...gg...#
...####...####..@S..##
....#.......#...g.g.#
....#.......#........'..
.....#......##'#######..
.....#.....##... .
.....#.....##...
.....#.....##..
....)#........
.....+......


You could see a gnoll shaman, a worm, 3 gnolls and a ball python.

Vanquished Creatures
  A scorpion (D:3)
  A hound (D:3)
  2 orc priests (D:3)
  Terence (D:2)
  An iguana (D:3)
  An adder (D:4)
  A worm (D:4)
  2 dart slugs
  7 orcs
  7 ball pythons (D:2)
  3 bats
  7 endoplasms
  3 giant cockroaches (D:2)
  9 goblins
  11 hobgoblins
  4 jackals (D:3)
  2 quokkas
  4 frilled lizards
  8 kobolds
  4 rats
79 creatures vanquished.

Notes
Turn   | Place    | Note
-------+----------+-------------------------------------------
     0 | D:1      | timneilson the Gargoyle Fighter began the quest for the
                  | Orb.
     0 | D:1      | Reached XP level 1. HP: 14/14 MP: 1/1
   183 | D:1      | Found Suimaud's Book Emporium.
   367 | D:1      | Reached XP level 2. HP: 12/19 MP: 2/2
   700 | D:1      | Found a faded altar of an unknown god.
  1143 | D:1      | Reached XP level 3. HP: 16/23 MP: 3/3
  1510 | D:2      | Found Lygiz's Antique Weapon Emporium.
  2072 | D:2      | Noticed Terence
  2094 | D:2      | Killed Terence
  2095 | D:2      | Reached XP level 4. HP: 14/28 MP: 4/4
  2477 | D:3      | Reached XP level 5. HP: 15/32 MP: 5/5
  2855 | D:3      | Reached skill level 1 in Dodging
  3226 | D:3      | Found a shimmering altar of Xom.
  3233 | D:3      | Found a shadowy altar of Dithmenos.
  3477 | D:3      | Reached XP level 6. HP: 36/38 MP: 6/6
  3853 | D:3      | Found a shimmering blue altar of Sif Muna.
  4177 | D:4      | Found a sacrificial altar of Ru.
  4244 | D:4      | HP: 1/57 [gnoll/+0 whip[a gnoll shaman] (7)]
  4244 | D:4      | Mangled by a gnoll

Illustrated notes

Levels and vault maps discovered:
D:1:      dpeg_arrival_morbid_curiosity, layout_rooms,
          dilly_ecumenical_altar_fadedgnrine, serial_shops, shop
D:2:      layout_loops_ring, serial_shops, shop, uniq_terence
D:3:      layout_basic, mainiacjoe_overflow_alcove_1,
          mainiacjoe_overflow_big_doors, minmay_misc_feat_enclosed,
          dreamdust_wishing_well, kennysheep_orc_chapel
D:4:      layout_gridville, hangedman_ru_absence, mainiacjoe_overflow_brackets,
          serial_glass, glass_columns_a, glass_columns_b, feat_on_display,
          corexii_hall_statues_l, minivault_5

Skill      XL: |  1  2  3  4  5  6 |
---------------+-------------------+-----
Long Blades    | 2 3 |  3.3
Armour         | 4 |  4.9
Shields        | 4 |  4.6
Dodging        | 1 |  1.3
Fighting       | 4 |  4.0

Action                   |  1- 3 |  4- 6 || total
-------------------------+-------+-------++-------
Melee: Long sword        |   180 |   166 ||   346
  Use: Scroll            |     4 |     3 ||     7
       Potion            |       |     2 ||     2
Armor: Scale mail        |    88 |       ||    88
       Chain mail        |       |   118 ||   118
Dodge: Dodged            |    74 |    58 ||   132
Block: Buckler           |    43 |    35 ||    78

Table legend: (Time is in decaauts)
 A = Elapsed time spent in this place.
 B = Non-inter-level travel time spent in this place.
 C = Inter-level travel time spent in this place.
 D = Time resting spent in this place.
 E = Time spent auto-exploring this place.
 F = Levels seen in this place.
 G = Mean time per level.
                   A        B        C        D        E       F      G
               +--------+--------+--------+--------+--------+-----+--------+
         Total |   4349 |   4294 |     55 |    189 |   3239 |   4 | 1087.2 |
       Dungeon |   4349 |   4294 |     55 |    189 |   3239 |   4 | 1087.2 |
               +--------+--------+--------+--------+--------+-----+--------+

Top non-repeatable levels by time:
     D:3: 1607 daAuts
     D:1: 1321 daAuts
     D:2: 1160 daAuts
     D:4: 260 daAuts
